 Dungeon Crawl Stone Soup version 0.21.0-24-g2553a3340b (webtiles) character file.

598 Lektor the Insei (level 7, -6/57 HPs)
             Began as a Naga Transmuter on Jan 22, 2018.
             Mangled by Duvessa
             ... wielding a +1 rapier of venom
              (9 damage)
             ... on level 4 of the Dungeon.
             The game lasted 00:19:28 (4215 turns).

Lektor the Insei (Naga Transmuter)                  Turns: 4215, Time: 00:19:30

Health: -6/57      AC:  2    Str: 12    XL:     7   Next: 40%
Magic:  8/10       EV: 19    Int: 20    God:
Gold:   175        SH:  0    Dex: 17    Spells: 5/11 levels left

rFire    . . .     SeeInvis +     - Unarmed
rCold    . . .     Gourm    .   (shield currently unavailable)
rNeg     . . .     Faith    .   (armour currently unavailable)
rPois    x         Spirit   .   (helmet currently unavailable)
rElec    .         Reflect  .   (cloak currently unavailable)
rCorr    .         Harm     .   (gloves currently unavailable)
MR       .....                  (no barding)
Stlth    ++........             (no amulet)
HPRegen  0.19/turn              (no ring)
MPRegen  0.12/turn              (no ring)

@: brilliant, lethally poisoned (-6 -> -27), spider-form (expiring), flying
A: tiny, see invisible, slow metabolism 1, spit poison 1, AC +2
a: Spit Poison, End Transformation


You were on level 4 of the Dungeon.
You were not hungry.
You were a venomous arachnid creature.
You visited 1 branch of the dungeon, and saw 4 of its levels.

You collected 175 gold pieces.

Inventory:

Hand Weapons
 x - a +0 hunting sling
Missiles
 a - 42 arrows
 f - 6 poisoned needles
 g - 175 stones (quivered)
 l - 51 sling bullets
 r - 52 bolts
Armour
 b - a +0 robe
 e - a +3 leather armour (melded)
 m - a +1 ring mail of positive energy
 w - a +0 pair of gloves (melded)
 A - a scarf of resistance
Jewellery
 y - an uncursed ring of flight {unknown}
Scrolls
 i - a scroll of immolation {unknown}
 j - 2 scrolls of random uselessness {unknown}
 k - 8 scrolls of identify {unknown}
 o - a scroll of amnesia {unknown}
 q - a scroll of remove curse {unknown}
 t - a scroll of enchant armour {unknown}
 u - a scroll of fog {unknown}
Potions
 v - a potion of magic {unknown}
 z - a potion of lignification {unknown}
Books
 c - a book of Changes

   Spells                             Type                      Level
   a - Beastly Appendage              Transmutation                1
   b - Sticks to Snakes               Transmutation                2
   c - Spider Form                    Transmutation/Poison         3
   d - Ice Form                       Ice/Transmutation            4
   e - Blade Hands                    Transmutation                5
Comestibles
 d - 9 rations


   Skills:
 - Level 1.0 Fighting
 + Level 1.0 Slings
 - Level 0.2 Armour
 - Level 1.9 Dodging
 - Level 0.9 Stealth
 - Level 6.3 Unarmed Combat
 - Level 2.5 Spellcasting
 - Level 2.6 Transmutations
 + Level 4.9 Poison Magic


You had 5 spell levels left.
You knew the following spells:

 Your Spells              Type           Power        Failure   Level  Hunger
a - Beastly Appendage     Tmut           ####..       1%          1    None
b - Sticks to Snakes      Tmut           ####....     2%          2    ##.....
c - Spider Form           Tmut/Pois      ####......   3%          3    ###....


Dungeon Overview and Level Annotations

Branches:
Dungeon (4/15)
 Temple: D:4-7

Altars:
Okawaru
Sif Muna
Yredelemnul

Annotations:
D:4 Duvessa


Innate Abilities, Weirdness & Mutations

You cannot wear boots.
((Your serpentine skin is tough. (AC +2)))
You have supernaturally acute eyesight. (SInv)
((Armour fits poorly on your strangely shaped body.))
((Your system is resistant to poisons. (rPois)))
((You cover ground very slowly.))
You have a slow metabolism.
You can spit poison.


Message History

It was a potion of brilliance.
You feel clever all of a sudden.
* * * LOW HITPOINT WARNING * * *
You feel sick.
It was a potion of flight.
You feel very buoyant.
You fly up into the air.
* * * LOW HITPOINT WARNING * * *
You feel sick.
You kill Dowan!
Duvessa screams, "No!
How DARE you!"
Duvessa goes berserk!
Your Slings skill increases to level 1!
As you read the scroll labeled OZA HIEPNEZEUTTAE, it crumbles to dust.
You assume a fearsome visage.
The orc looks frightened!
It was a scroll of fear.
* * * LOW HITPOINT WARNING * * *
You feel sick.
Duvessa hits you with a rapier of venom!
You die...

#........#.....#
#........#.....#
#........#.....#
#........#.....#
#........#.....#
#...##...#....o#
#######...##...#.....#
..........##...##e#......#
..........'.....s.#......#
..[.......#.......#......#
...)......#.......+......#
..........#.......#.o....#
..........#.......#......+
######....##.....##...=..#
...###....########
.....#รท....# .....#.....#


You could see Duvessa (berserk) and an orc (fleeing).

Vanquished Creatures
  The ghost of Andry07 the Skirmisher, an amateur GrFi (D:3)
  A phantom (D:4)
  An ogre (D:4)
  Dowan (D:4)
  An orc wizard (D:3)
  2 orc priests (D:3)
  6 adders
  An ooze (D:3)
  A worm (D:2)
  A dart slug (D:2)
  4 leopard geckos
  5 orcs (D:3)
  3 ball pythons (D:2)
  7 bats
  5 giant cockroaches
  10 goblins
  16 hobgoblins
  8 jackals
  3 quokkas (D:3)
  3 frilled lizards
  7 kobolds
  9 rats
  A spectral orc (D:4)
97 creatures vanquished.

Notes
Turn   | Place    | Note
-------+----------+-------------------------------------------
     0 | D:1      | Lektor the Naga Transmuter began the quest for the Orb.
     0 | D:1      | Reached XP level 1. HP: 18/18 MP: 3/3
   372 | D:1      | Reached XP level 2. HP: 18/25 MP: 3/5
   670 | D:1      | Learned a level 2 spell: Sticks to Snakes
   781 | D:1      | Reached XP level 3. HP: 24/31 MP: 4/6
  1480 | D:2      | Learned a level 3 spell: Spider Form
  1546 | D:2      | Reached XP level 4. HP: 36/38 MP: 5/7
  1555 | D:2      | Reached skill level 4 in Unarmed Combat
  1597 | D:2      | Noticed a phantom
  2334 | D:3      | Reached XP level 5. HP: 40/44 MP: 4/8
  2346 | D:3      | Reached skill level 5 in Unarmed Combat
  2658 | D:3      | Reached skill level 1 in Poison Magic
  2793 | D:3      | Found a deep blue altar of Sif Muna.
  2881 | D:3      | Noticed Andry07's ghost (amateur GrFi)
  2888 | D:2      | Found an iron altar of Okawaru.
  2998 | D:2      | Reached XP level 6. HP: 51/51 MP: 7/9
  3509 | D:3      | Killed Andry07's ghost
  3509 | D:3      | Reached skill level 6 in Unarmed Combat
  3849 | D:4      | Noticed a phantom
  3875 | D:4      | Reached XP level 7. HP: 37/57 MP: 7/10
  4164 | D:4      | Found a basalt altar of Yredelemnul.
  4200 | D:4      | Noticed Duvessa
  4200 | D:4      | Noticed Dowan
  4214 | D:4      | Killed Dowan
  4214 | D:4      | Reached skill level 1 in Slings
  4215 | D:4      | Mangled by Duvessa

Skill      XL: |  1  2  3  4  5  6  7 |
---------------+----------------------+-----
Unarmed Combat | 4 5 6 |  6.3
Poison Magic   | 1 3 4 |  4.9
Slings         | 1 |  1.0
Fighting       | |  1.0
Armour         | |  0.2
Dodging        | |  1.9
Stealth        | |  0.9
Spellcasting   | |  2.5
Transmutations | |  2.6

Action                   |  1- 3 |  4- 6 |  7- 9 || total
-------------------------+-------+-------+-------++-------
Melee: Unarmed           |   154 |   208 |    20 ||   382
       Headbutt          |    19 |    13 |       ||    32
       Punch             |     2 |     2 |       ||     4
 Fire: Hunting sling     |       |       |     2 ||     2
Throw: Stone             |     5 |     1 |     1 ||     7
 Cast: Beastly Appendage |    23 |    23 |     2 ||    48
       Spider Form       |       |     6 |     1 ||     7
       Sticks to Snakes  |       |     3 |       ||     3
 Abil: Spit Poison       |       |     2 |       ||     2
  Use: Scroll            |       |     1 |     1 ||     2
       Potion            |       |     3 |     2 ||     5
 Stab: Invisible         |       |     1 |       ||     1
       Sleeping          |       |     1 |       ||     1
  Eat: Chunk             |     2 |     5 |       ||     7
       Ration            |       |     1 |       ||     1
Armor: Robe              |     2 |       |       ||     2
       Leather armour    |    59 |    73 |     1 ||   133
       Skin              |       |     3 |       ||     3
Dodge: Dodged            |    72 |   125 |    11 ||   208
